 Dungeon Crawl Stone Soup version 0.29.0-4-gdea44cf6ec (webtiles) character file.

Game seed: 1999903037978577449

594 qw the Chopper (level 7, -8/42 HPs)
             Began as a Tengu Warper on Aug 28, 2022.
             Mangled by a gnoll
             ... wielding a +0 halberd
             ... led by a gnoll bouda
              (12 damage)
             ... on level 5 of the Dungeon.
             The game lasted 00:00:30 (4603 turns).

qw the Chopper (Tengu Warper)                       Turns: 4603, Time: 00:00:31

Health: -8/42      AC:  8    Str: 14    XL:     7   Next: 39%
Magic:  0/11       EV:  7    Int: 13    God:
Gold:   52         SH:  0    Dex: 13    Spells: 10/10 levels left

rFire   . . .      SeeInvis .   Y - +1 hand axe
rCold   . . .      Faith    .   (no shield)
rNeg    . . .      Spirit   +   o - +0 chain mail
rPois   +          Reflect  .   (helmet restricted)
rElec   .          Harm     .   (no cloak)
rCorr   .          Rampage  .   (no gloves)
Will    .....                   (boots unavailable)
Stlth   ..........              i - amulet of guardian spirit
HPRegen 0.14/turn               n - ring of poison resistance
MPRegen 0.12/turn               (no ring)

@: about to teleport, flying quickly and evasively, quick
A: beak, talons 3, nimble flight
a: no special abilities


You were on level 5 of the Dungeon.
You visited 1 branch of the dungeon, and saw 5 of its levels.

You collected 196 gold pieces.
You spent 144 gold pieces at shops.


Innate Abilities, Weirdness & Mutations

You have a beak for a mouth.
You have claws for feet.
Your magical nature lets you fly swiftly and evasively.


   Skills:
 - Level 3.8 Fighting
 + Level 7.6 Axes
 - Level 1.0 Throwing
 - Level 2.1 Armour
 - Level 2.1 Dodging
 - Level 2.0 Spellcasting
 - Level 2.4 Translocations


You had 10 spell levels left.
You didn't know any spells.
Your spell library contained the following spells:

 Spells                   Type           Power      Damage    Failure   Level
 Blink                    Tloc           14%        N/A       98%         2
 Gell's Gravitas          Tloc           7%         N/A       100%        3
 Lesser Beckoning         Tloc           7%         N/A       100%        3
 Teleport Other           Tloc           7%         N/A       100%        3
 Manifold Assault         Tloc           7%         N/A       100%        5

Inventory:

Hand Weapons
 e - a +0 morningstar
 Y - a +1 hand axe (weapon)
Missiles
 g - 2 boomerangs (quivered)
Armour
 o - a +0 chain mail (worn)
Jewellery
 d - a ring of poison resistance
 i - an amulet of guardian spirit (around neck)
 j - an amulet of regeneration
 n - a ring of poison resistance (left hand)
Scrolls
 f - 2 scrolls of identify
 m - 2 scrolls of teleportation
Potions
 a - 3 potions of curing
 k - a potion of mutation
 l - a potion of cancellation
 p - a potion of haste
 q - a potion of invisibility {unknown}
 r - a potion of might

Dungeon Overview and Level Annotations

Branches:
Dungeon (5/15)
 Temple: D:4-7

Altars:
Fedhas
Hepliaklqana
Nemelex Xobeh
Zin

Shops:
D:2 (   D:3 ?   D:4 (   D:5 ?(


Message History

The gnoll is heavily wounded.
You hit the gnoll. The gnoll hits you with a +0 spear.
A gnoll comes into view. It is wielding a +0 spear.
The gnoll hits you with a +0 halberd!
You hit the gnoll. You claw the gnoll, but do no damage.
The gnoll is heavily wounded.
You hit the gnoll.
The gnoll hits you from afar with a +0 halberd.
The gnoll hits you with a +0 spear. The gnoll hits you with a +0 halberd!
You hit the gnoll.
You kill the gnoll!
You barely miss the gnoll. You barely miss the gnoll bouda.
The gnoll completely misses you. The gnoll hits you but does no damage.
You barely miss the gnoll. Your peck misses the gnoll.
The gnoll is heavily wounded.
You hit the gnoll bouda but do no damage.
You hit the gnoll but do no damage.
The gnoll hits you from afar with a +0 halberd.
The gnoll hits you from afar with a +0 spear.
The gnoll hits you but does no damage. The gnoll bouda barely misses you.
You closely miss the gnoll. You claw the gnoll. Your peck misses the gnoll.
The gnoll is almost dead.
You closely miss the gnoll bouda. You barely miss the gnoll.
The gnoll splashes around in the water.
The gnoll hits you from afar with a +0 halberd.
The gnoll splashes around in the water.
The gnoll hits you with a +0 spear. The gnoll bouda closely misses you.
4602 ||| READING 3 scrolls of teleportation.
As you read the scroll of teleportation, it crumbles to dust.
You feel strangely unstable.
The gnoll closely misses you. x2; The gnoll splashes around in the water.
The gnoll barely misses you.
The gnoll bouda hits you with a +0 club.
You barely miss the gnoll. You claw the gnoll.
You kill the gnoll!
You hit the gnoll bouda. You closely miss the gnoll.
The gnoll hits you but does no damage.
The gnoll hits you from afar with a +0 halberd!
You die...

## #### ##.....#######
...~~~~..~~...
#~~~~..~..~##
#~.~.~~~....#
#~~...~~.~~.#.
##.#~.~.~~~....
#.~.~..~g~.7...
#..~~..@)......
.#########.#~~.g~g.....
.........#.#.....g.~...
########.#...~...7.##..
#................#.# .
#.####.......#.#.# #
#.........#.#
#.........#.#
#...........


You could see a gnoll bouda and 3 gnolls.

Vanquished Creatures
  A black bear (D:5)
  A necrophage (D:4)
  A scorpion (D:4)
  A howler monkey (D:4)
  4 orc priests
  A jelly (D:4)
  An iguana (D:5)
  2 orc wizards (D:5)
  2 gnolls (D:5)
  3 adders
  An ufetubus (D:5)
  A dart slug (D:2)
  10 orcs
  7 bats
  7 endoplasms
  A giant cockroach (D:2)
  6 hobgoblins
  7 jackals
  2 quokkas
  4 ball pythons
  2 frilled lizards (D:1)
  7 goblins
  5 kobolds
  5 rats
82 creatures vanquished.

Notes
Turn   | Place    | Note
-------+----------+-------------------------------------------
     0 | D:1      | qw the Tengu Warper began the quest for the Orb.
     0 | D:1      | Reached XP level 1. HP: 12/12 MP: 4/4
     0 | D:1      | 0 ||| qw: Version: 0.1-a-89-g26bdef1
     0 | D:1      | 0 ||| qw: Game counter: 802
     0 | D:1      | 0 ||| qw: Always use a shield: true
     0 | D:1      | 0 ||| qw: God list: Okawaru
     0 | D:1      | 0 ||| qw: Allow faded altars: false
     0 | D:1      | 0 ||| qw: Do Orc after D:15 true
     0 | D:1      | 0 ||| qw: Do second Lair branch before Depths: true
     0 | D:1      | 0 ||| qw: Lair rune preference: random
     0 | D:1      | 0 ||| qw: Plans: Normal
     0 | D:1      | 0 ||| PLANNING D:1-11
    27 | D:1      | 27 ||| Stepping ~*~*~tactically~*~*~ (stealth).
    28 | D:1      | 28 ||| Stepping ~*~*~tactically~*~*~ (stealth).
    66 | D:1      | 66 ||| Stepping ~*~*~tactically~*~*~ (stealth).
   107 | D:1      | 107 ||| Stepping ~*~*~tactically~*~*~ (stealth).
   146 | D:1      | Reached XP level 2. HP: 17/17 MP: 6/6
   176 | D:1      | Reached skill level 3 in Axes
   760 | D:1      | Reached XP level 3. HP: 17/21 MP: 7/7
   970 | D:1      | 970 ||| UPGRADING to amulet of guardian spirit.
   975 | D:1      | 975 ||| UPGRADING to ring of poison resistance.
   976 | D:1      | 976 ||| READING scroll labelled SION GIOSUOZY.
   977 | D:1      | 977 ||| READING 2 scrolls labelled RISECV XIBIL.
   978 | D:1      | 978 ||| READING scroll labelled MYPSAT XASEFEN.
   979 | D:1      | 979 ||| READING scroll labelled DUFYGO WOGIX.
   980 | D:1      | 980 ||| READING scroll labelled KOMEUZITANK.
   981 | D:1      | 981 ||| READING 3 scrolls labelled EMOHOE UKKUI.
   984 | D:1      | 984 ||| DROPPING scroll of blinking.
   996 | D:2      | Found Pamios's Weapon Boutique.
   999 | D:2      | 999 ||| SHOPLISTING +2 flail of draining (201 gold, have
                  | 46).
   999 | D:2      | 999 ||| SHOPLISTING +6 hand axe of Fedhas's Approval
                  | {protect, Contam rC- Str+6} (446 gold, have 46).
  1062 | D:2      | Reached skill level 4 in Axes
  1562 | D:2      | Found a faded altar of an unknown god.
  1562 | D:2      | Noticed a blizzard demon
  1664 | D:2      | 1664 ||| UPGRADING to +0 ring mail.
  1674 | D:2      | 1674 ||| DROPPING +0 leather armour.
  1675 | D:2      | 1675 ||| READING scroll labelled YHER WIACHOGA.
  1676 | D:2      | 1676 ||| READING 2 scrolls of identify.
  1676 | D:2      | 1676 ||| IDENTIFYING brown potion
  1784 | D:3      | 1784 ||| DROPPING +0 whip.
  1816 | D:3      | Found Waidihi's Magic Scroll Shop.
  1824 | D:3      | 1824 ||| BUYING scroll of identify (24 gold).
  1824 | D:3      | Bought a scroll of identify for 24 gold pieces
  1824 | D:3      | 1824 ||| BUYING scroll of identify (24 gold).
  1824 | D:3      | Bought a scroll of identify for 24 gold pieces
  1824 | D:3      | 1824 ||| BUYING scroll of teleportation (36 gold).
  1824 | D:3      | Bought a scroll of teleportation for 36 gold pieces
  1824 | D:3      | 1824 ||| SHOPLISTING scroll of teleportation (36 gold, have
                  | 35).
  2029 | D:3      | Found a glowing silver altar of Zin.
  2251 | D:3      | 2251 ||| UPGRADING to +0 chain mail.
  2261 | D:3      | 2261 ||| DROPPING +0 ring mail.
  2262 | D:3      | 2262 ||| DROPPING amulet of faith.
  2263 | D:3      | 2263 ||| READING 5 scrolls of identify.
  2263 | D:3      | 2263 ||| IDENTIFYING blue potion
  2264 | D:3      | 2264 ||| READING 4 scrolls of identify.
  2264 | D:3      | 2264 ||| IDENTIFYING cyan potion
  2265 | D:3      | 2265 ||| READING 3 scrolls of identify.
  2265 | D:3      | 2265 ||| IDENTIFYING fuming sapphire potion
  2266 | D:3      | 2266 ||| READING 2 scrolls of identify.
  2266 | D:3      | 2266 ||| IDENTIFYING bubbling purple potion
  2267 | D:3      | 2267 ||| DROPPING potion of flight.
  2268 | D:3      | 2268 ||| DROPPING potion of brilliance.
  2278 | D:4      | Noticed a necrophage
  2287 | D:4      | Killed a necrophage
  2288 | D:4      | Reached skill level 5 in Axes
  2288 | D:4      | Reached XP level 4. HP: 26/26 MP: 8/8
  2288 | D:4      | Gained mutation: Your magical nature lets you fly swiftly
                  | and evasively. [Tengu growth]
  2288 | D:4      | Reached XP level 5. HP: 30/30 MP: 9/9
  2535 | D:4      | 2535 ||| Stepping ~*~*~tactically~*~*~ (stealth).
  2546 | D:4      | Reached skill level 6 in Axes
  2556 | D:4      | 2556 ||| FLEEEEING.
  2557 | D:4      | 2557 ||| FLEEEEING.
  2558 | D:4      | 2558 ||| FLEEEEING.
  2559 | D:4      | 2559 ||| FLEEEEING.
  2560 | D:4      | 2560 ||| FLEEEEING.
  2561 | D:4      | 2561 ||| FLEEEEING.
  2562 | D:4      | 2562 ||| FLEEEEING.
  2563 | D:4      | 2563 ||| FLEEEEING.
  2564 | D:4      | 2564 ||| FLEEEEING.
  2565 | D:4      | 2565 ||| FLEEEEING.
  2566 | D:4      | 2566 ||| FLEEEEING.
  2567 | D:4      | 2567 ||| FLEEEEING.
  2568 | D:4      | 2568 ||| STAIRDANCE
  2626 | D:4      | 2626 ||| STAIRDANCE
  2715 | D:4      | 2715 ||| STAIRDANCE
  2814 | D:4      | 2814 ||| STAIRDANCE
  3007 | D:4      | Reached XP level 6. HP: 25/35 MP: 7/10
  3171 | D:4      | 3171 ||| DROPPING +0 flail.
  3193 | D:4      | Found Icayse's Antique Weapon Shoppe.
  3196 | D:4      | 3196 ||| SHOPLISTING war axe (108 gold, have 67).
  3215 | D:4      | 3215 ||| FLEEEEING.
  3216 | D:4      | 3216 ||| FLEEEEING.
  3217 | D:4      | 3217 ||| FLEEEEING.
  3218 | D:4      | 3218 ||| FLEEEEING.
  3219 | D:4      | 3219 ||| FLEEEEING.
  3220 | D:4      | 3220 ||| FLEEEEING.
  3221 | D:4      | 3221 ||| FLEEEEING.
  3222 | D:4      | 3222 ||| FLEEEEING.
  3223 | D:4      | 3223 ||| FLEEEEING.
  3224 | D:4      | 3224 ||| FLEEEEING.
  3228 | D:4      | 3228 ||| FLEEEEING.
  3233 | D:4      | 3233 ||| STAIRDANCE
  3346 | D:3      | 3346 ||| READING scroll labelled QOUMIPHOOTU.
  3536 | D:4      | Reached skill level 7 in Axes
  3608 | D:4      | Found a blossoming altar of Fedhas.
  3987 | D:4      | 3987 ||| READING scroll labelled XEGEDE MUME.
  3988 | D:4      | 3988 ||| DRINKING 2 black potions.
  3989 | D:4      | 3989 ||| READING 2 scrolls of identify.
  3989 | D:4      | 3989 ||| IDENTIFYING golden potion
  4022 | D:5      | Entered Level 5 of the Dungeon
  4022 | D:5      | Found Lacour's Magic Scroll Shop.
  4037 | D:5      | 4037 ||| BUYING scroll of identify (24 gold).
  4037 | D:5      | Bought a scroll of identify for 24 gold pieces
  4037 | D:5      | 4037 ||| BUYING scroll of teleportation (36 gold).
  4037 | D:5      | Bought a scroll of teleportation for 36 gold pieces
  4103 | D:5      | Found Iwkai's Weapon Shop.
  4106 | D:5      | Noticed a black bear
  4115 | D:5      | Killed a black bear
  4116 | D:5      | Reached skill level 3 in Fighting
  4116 | D:5      | Reached XP level 7. HP: 42/42 MP: 11/11
  4230 | D:5      | HP: 10/42 [iguana (7)]
  4231 | D:5      | 4231 ||| READING 4 scrolls of teleportation.
  4232 | D:5      | 4232 ||| DRINKING potion of heal wounds.
  4304 | D:5      | Found a sparkling altar of Nemelex Xobeh.
  4305 | D:5      | Found a hazy altar of Hepliaklqana.
  4543 | D:5      | 4543 ||| Stepping ~*~*~tactically~*~*~ (stealth).
  4601 | D:5      | HP: 8/42 [gnoll/+0 halberd[a gnoll bouda] (5)]
  4602 | D:5      | 4602 ||| READING 3 scrolls of teleportation.
  4603 | D:5      | Mangled by a gnoll

Levels and vault maps discovered:
D:1:      minmay_arrival_doors, layout_loops_ring
D:2:      layout_basic, serial_shops, shop,
          dreamdust_ecumenical_altar_sealed_demon
D:3:      layout_rooms, general_overflow_altar, serial_shops, shop_scrolls,
          chequers_garden, hex_large, kennysheep_generic_room_3
D:4:      layout_loops_ring, fedhas_altar_1, serial_shops, kennysheep_mini_moat,
          chequers_serial_rivers_micro_c, minivault_4, kennysheep_path_1
D:5:      minmay_razor_zed, layout_basic, nicolae_overflow_squiral,
          serial_shops, nicolae_shop_bloodbath_and_beyond, nicolae_diamond_shop,
          nicolae_stop_n_shop_1, nicolae_shop_waterfront,
          chequers_serial_rivers_marsh

Skill      XL: |  1  2  3  4  5  6 |
---------------+-------------------+-----
Axes           | 3 5 6 7 |  7.6
Armour         | 2 |  2.1
Fighting       | 3 |  3.8
Throwing       | |  1.0
Dodging        | |  2.1
Spellcasting   | |  2.0
Translocations | |  2.4

Action                   |  1- 3 |  4- 6 |  7- 9 || total
-------------------------+-------+-------+-------++-------
Melee: Hand axe          |    99 |    79 |    40 ||   218
       Kick              |    24 |    33 |    12 ||    69
       Peck              |    12 |    13 |     6 ||    31
Throw: Boomerang         |    19 |    28 |     3 ||    50
  Use: Scroll            |    12 |     3 |     2 ||    17
       Potion            |       |     1 |     1 ||     2
Armor: Leather armour    |    24 |       |       ||    24
       Ring mail         |     6 |       |       ||     6
       Chain mail        |     3 |    37 |    14 ||    54
Dodge: Dodged            |    63 |    16 |    19 ||    98

Table legend:
 A = Non-vault XP
 B = Vault XP
 C = Vault XP percentage of total XP
 D = Non-vault monster count
 E = Vault monster count
 F = Vault count percentage of total count
                 A         B        C        D         E       F
            +---------+---------+-------+---------+---------+-------
      Total |     863 |       0 |   0.0 |      82 |       0 |   0.0
            +---------+---------+-------+---------+---------+-------
        D:1 |      34 |       0 |   0.0 |      21 |       0 |   0.0
        D:2 |      34 |       0 |   0.0 |      12 |       0 |   0.0
        D:3 |      16 |       0 |   0.0 |      10 |       0 |   0.0
        D:4 |     429 |       0 |   0.0 |      26 |       0 |   0.0
        D:5 |     350 |       0 |   0.0 |      13 |       0 |   0.0
            +---------+---------+-------+---------+---------+-------
